 Dungeon Crawl Stone Soup version 0.30.1-3-gfc49f6343a (webtiles) character file.

Game seed: 2043004707794584644

1 jtron the Spear-Bearer (level 1, -1/17 HPs)
             Began as a Gnoll Wanderer on Aug 8, 2023.
             Slain by a gnoll
             ... wielding a +0 club
              (4 damage)
             ... on level 1 of the Dungeon.
             The game lasted 00:00:20 (43 turns).

jtron the Spear-Bearer (Gnoll Wanderer)               Turns: 43, Time: 00:00:20

Health: -1/17      AC:  2    Str:  8    XL:     1   Next: 20%
Magic:  1/1        EV: 11    Int: 11    God:
Gold:   0          SH:  0    Dex: 14    Spells: 0/0 levels left

rFire   . . .        a - +0 spear
rCold   . . .        (no shield)
rNeg    . . .        g - +0 robe
rPois   .            (no helmet)
rElec   .            (no cloak)
rCorr   .            (no gloves)
SInv    .            (no boots)
Will    .....        (no amulet)
Stlth   ++++         (no ring)
HPRegen 0.22/turn    (no ring)
MPRegen 0.07/turn

%: no passive effects
@: no status effects
A: fangs 1, strong nose, distributed training
a: no special abilities


You were on level 1 of the Dungeon.
You visited 1 branch of the dungeon, and saw 1 of its levels.

Inventory:

Hand Weapons
 a - a +0 spear (weapon)
 d - a +0 dagger
Missiles
 b - 2 atropa-tipped darts (quivered)
 c - a datura-tipped dart
Armour
 g - a +0 robe (worn)
Scrolls
 h - a scroll of blinking {unknown}
Potions
 e - a potion of lignification
 f - a potion of berserk rage


   Skills:
 + Level 2.3 Fighting
 + Level 0.0 Short Blades
 + Level 0.0 Long Blades
 + Level 0.0 Axes
 + Level 0.0 Maces & Flails
 + Level 8.4 Polearms
 + Level 0.0 Staves
 + Level 0.0 Ranged Weapons
 + Level 2.3 Throwing
 + Level 0.0 Armour
 + Level 0.0 Dodging
 + Level 7.7 Stealth
 + Level 0.0 Shields
 + Level 0.0 Unarmed Combat
 + Level 0.0 Spellcasting
 + Level 0.0 Conjurations
 + Level 0.0 Hexes
 + Level 0.0 Summonings
 + Level 0.0 Necromancy
 + Level 0.0 Translocations
 + Level 0.0 Transmutations
 + Level 0.0 Fire Magic
 + Level 0.0 Ice Magic
 + Level 0.0 Air Magic
 + Level 0.0 Earth Magic
 + Level 0.0 Poison Magic
 + Level 0.0 Invocations
 + Level 0.0 Evocations


You couldn't memorise any spells.
You didn't know any spells.
Your spell library was empty.

Dungeon Overview and Level Annotations

Branches:
Dungeon (1/15)

Altars:


Innate Abilities, Weirdness & Mutations

You have very sharp teeth.
Your uncanny sense of smell can sniff out nearby items.
Your experience applies equally to all skills.


Message History

Unknown command.
You open the large door.
A hobgoblin comes into view.
There is a large open door here.
Found 5 stones.
You reach to attack!
The helpless hobgoblin fails to defend itself.
You puncture the hobgoblin!
You kill the hobgoblin!
No target in view!
No target in view!
A gnoll comes into view. It is wielding a +0 club.
The gnoll shouts!
You hear a shout! x2
Something unseen opens the door.
A hobgoblin comes into view.
You reach to attack!
You completely miss the gnoll. You barely miss the gnoll.
The gnoll hits you with a +0 club.
You hit the gnoll.
The gnoll is moderately wounded.
You completely miss the gnoll. You bite the gnoll, but do no damage.
The gnoll is moderately wounded.
The gnoll hits you with a +0 club.
You hit the gnoll but do no damage.
The gnoll is moderately wounded.
The gnoll hits you with a +0 club!
* * * LOW HITPOINT WARNING * * *
An endoplasm comes into view.
The gnoll attacks as you move away! The gnoll barely misses you.
The gnoll attacks as you move away! The gnoll closely misses you.
The gnoll attacks as you move away! The gnoll hits you with a +0 club.
* * * LOW HITPOINT WARNING * * *
You hit the gnoll.
The gnoll is heavily wounded.
You hit the gnoll.
The gnoll is heavily wounded.
The gnoll barely misses you.
You hit the gnoll.
The gnoll is almost dead.
The gnoll hits you with a +0 club.
You die...

########## J .#.##
#8..<...8#∆ ∆.#'#..
#≈......≈# #....#
#≈§§....≈# #....#
#§......≈# ##....#
#≈§.88..≈# .....####
#≈.....§§# #........
#§§§....≈#########.######
#≈......≈#...@gg..........
#8......8#.#######.###....
#####''####.# ..# ..
#...........#### ..#
#..######......# .... #.
...........# ...# #
......#....#...## ∆
....##.#....# ##..
#.##...#


You could see a gnoll and a hobgoblin.

Vanquished Creatures
  A hobgoblin (D:1)
1 creature vanquished.

Notes
Turn   | Place    | Note
-------+----------+-------------------------------------------
     0 | D:1      | jtron the Gnoll Wanderer began the quest for the Orb.
     0 | D:1      | jtron set off with the following items: a +0 dagger, 2
                  | atropa-tipped darts, a datura-tipped dart, a +0 spear, a
                  | potion of lignification, a potion of berserk rage, a +0
                  | robe.
     0 | D:1      | Reached XP level 1. HP: 17/17 MP: 1/1
    43 | D:1      | Slain by a gnoll

Illustrated notes

Levels and vault maps discovered:
D:1:      lightli_arrival_noodles, layout_basic,
          ebering_ecumenical_altar_petrified, reono_crystal_passage

Action                     || total
---------------------------++-------
  Melee: Spear             ||     9
         Bite              ||     1
   Stab: Sleeping          ||     1
  Dodge: Dodged            ||     3
